 Dungeon Crawl Stone Soup version 0.29-a0-557-g43b9904bd1 (webtiles) character file.

Game seed: 11812409714655529324

164 DocClef the Covert (level 5, -2/47 HPs)
             Began as a Gnoll Delver on June 8, 2022.
             Was an Initiate of Hepliaklqana.
             Slain by an ice beast (4 damage)
             ... on level 4 of the Dungeon.
             The game lasted 00:00:46 (388 turns).

DocClef the Covert (Gnoll Delver)                    Turns: 388, Time: 00:00:47

Health: -2/47      AC:  3    Str: 12    XL:     5   Next: 45%
Magic:  7/7        EV: 13    Int:  9    God:    Hepliaklqana [......]
Gold:   5          SH:  0    Dex: 15    Spells: 7/7 levels left

rFire   . . .      SeeInvis .   a - +0 short sword
rCold   . . .      Faith    .   (no shield)
rNeg    . . .      Spirit   .   b - +0 leather armour
rPois   .          Reflect  .   (no helmet)
rElec   .          Harm     .   (no cloak)
rCorr   .          Rampage  .   (no gloves)
Will    .....                   (no boots)
Stlth   ++++......              (no amulet)
HPRegen 0.15/turn               (no ring)
MPRegen 0.10/turn               (no ring)

@: no status effects
A: fangs 1, strong nose, distributed training
a: Renounce Religion


You were on level 4 of the Dungeon.
You worshipped Hepliaklqana.
Hepliaklqana was noncommittal.
You visited 1 branch of the dungeon, and saw 2 of its levels.

You collected 5 gold pieces.

Inventory:

Hand Weapons
 a - a +0 short sword (weapon)
Armour
 b - a +0 leather armour (worn)
Wands
 g - a wand of digging (3)
Scrolls
 c - a scroll of fog
 d - a scroll of magic mapping
 e - a scroll of fear
 h - a scroll of identify {unknown}
Potions
 f - 2 potions of haste
 i - a potion of lignification {unknown}
 j - a potion of heal wounds {unknown}
 k - a potion of flight {unknown}


   Skills:
 + Level 6.7 Fighting
 + Level 4.8 Short Blades
 + Level 1.5 Long Blades
 + Level 1.5 Axes
 + Level 1.5 Maces & Flails
 + Level 1.5 Polearms
 + Level 1.5 Staves
 + Level 1.5 Slings
 + Level 1.5 Bows
 + Level 1.5 Crossbows
 + Level 1.5 Throwing
 + Level 1.5 Armour
 + Level 4.8 Dodging
 + Level 9.7 Stealth
 + Level 1.5 Shields
 + Level 1.5 Unarmed Combat
 + Level 1.5 Spellcasting
 + Level 1.2 Conjurations
 + Level 1.2 Hexes
 + Level 1.2 Summonings
 + Level 1.2 Necromancy
 + Level 1.2 Translocations
 + Level 1.2 Transmutations
 + Level 1.2 Fire Magic
 + Level 1.2 Ice Magic
 + Level 1.2 Air Magic
 + Level 1.2 Earth Magic
 + Level 1.2 Poison Magic
 + Level 1.7 Invocations
 + Level 1.5 Evocations


You had 7 spell levels left.
You didn't know any spells.
Your spell library was empty.

Dungeon Overview and Level Annotations

Branches:
Dungeon (5/15)             Temple (0/1) D:5

Altars:
Hepliaklqana


Innate Abilities, Weirdness & Mutations

You have very sharp teeth.
Your uncanny sense of smell can sniff out nearby items.
Your experience applies equally to all skills.


Message History

The ice beast hits you. The ice beast freezes you.
You hit the ice beast.
You bite the ice beast, but do no damage.
The ice beast is lightly wounded.
The ice beast hits you. The ice beast freezes you!
You are too injured to fight recklessly!
You are too injured to fight recklessly!
You are too injured to fight recklessly!
You are too injured to fight recklessly!
You are too injured to fight recklessly!
You are too injured to fight recklessly!
You are too injured to fight recklessly!
You are too injured to fight recklessly!
You are too injured to fight recklessly!
You are too injured to fight recklessly!
You are too injured to fight recklessly!
You are too injured to fight recklessly!
You are too injured to fight recklessly!
You hit the ice beast.
The ice beast is lightly wounded.
The ice beast hits you. The ice beast freezes you!
* * * LOW HITPOINT WARNING * * *
You hit the ice beast but do no damage.
You bite the ice beast, but do no damage.
The ice beast is lightly wounded.
The ice beast hits you but does no damage.
You hit the ice beast but do no damage.
The ice beast is lightly wounded.
The ice beast barely misses you.
You hit the ice beast but do no damage.
The ice beast is lightly wounded.
Unknown command.
You barely miss the ice beast.
The ice beast is lightly wounded.
The ice beast barely misses you.
Unknown command.
You hit the ice beast but do no damage.
The ice beast is lightly wounded.
The ice beast hits you.
You die...

...# #. ....##
#.∆ # ..... ∆
.# #.. ##...#
#.#....
..$...##..#....
.............
#..........
#..@Y......
#..........
#..####...#
#.># ..#
#.......g..
#.........
#.........
##.######+ #+#


You could see an ice beast.

Vanquished Creatures
  An ogre (D:5)
  A necrophage (D:5)
  2 adders (D:5)
  A hobgoblin (D:4)
  2 quokkas (D:5)
7 creatures vanquished.

Notes
Turn   | Place    | Note
-------+----------+-------------------------------------------
     0 | D:5      | Reached skill level 9 in Stealth
     0 | D:5      | DocClef the Gnoll Delver began the quest for the Orb.
     0 | D:5      | Reached XP level 1. HP: 23/23 MP: 1/1
    22 | D:5      | Noticed a necrophage
    27 | D:5      | Killed a necrophage
    28 | D:5      | Reached skill level 1 in Long Blades
    28 | D:5      | Reached skill level 1 in Axes
    28 | D:5      | Reached skill level 1 in Maces & Flails
    28 | D:5      | Reached skill level 1 in Polearms
    28 | D:5      | Reached skill level 1 in Staves
    28 | D:5      | Reached skill level 1 in Slings
    28 | D:5      | Reached skill level 1 in Bows
    28 | D:5      | Reached skill level 1 in Crossbows
    28 | D:5      | Reached skill level 1 in Throwing
    28 | D:5      | Reached skill level 1 in Armour
    28 | D:5      | Reached skill level 1 in Shields
    28 | D:5      | Reached skill level 1 in Unarmed Combat
    28 | D:5      | Reached skill level 1 in Spellcasting
    28 | D:5      | Reached skill level 1 in Invocations
    28 | D:5      | Reached skill level 1 in Evocations
    28 | D:5      | Reached XP level 2. HP: 29/29 MP: 1/3
    28 | D:5      | Reached XP level 3. HP: 35/35 MP: 1/4
    28 | D:5      | Reached XP level 4. HP: 41/41 MP: 1/5
    86 | D:5      | Found a hazy altar of Hepliaklqana.
   138 | D:5      | Became a worshipper of Hepliaklqana the Forgotten
   159 | D:5      | Noticed a black bear
   212 | D:5      | Identified the +0 robe of the Thistle {rC+ Dex-4 Stlth+}
   247 | D:5      | Noticed an ogre
   251 | D:5      | Killed an ogre
   252 | D:5      | Reached skill level 1 in Conjurations
   252 | D:5      | Reached skill level 1 in Hexes
   252 | D:5      | Reached skill level 1 in Summonings
   252 | D:5      | Reached skill level 1 in Necromancy
   252 | D:5      | Reached skill level 1 in Translocations
   252 | D:5      | Reached skill level 1 in Transmutations
   252 | D:5      | Reached skill level 1 in Fire Magic
   252 | D:5      | Reached skill level 1 in Ice Magic
   252 | D:5      | Reached skill level 1 in Air Magic
   252 | D:5      | Reached skill level 1 in Earth Magic
   252 | D:5      | Reached skill level 1 in Poison Magic
   252 | D:5      | Reached XP level 5. HP: 47/47 MP: 5/7
   358 | D:5      | Noticed a sky beast
   359 | D:5      | Found a staircase to the Ecumenical Temple.
   376 | D:4      | Noticed an ice beast
   383 | D:4      | HP: 2/47 [ice beast (14)]
   388 | D:4      | Slain by an ice beast

Illustrated notes

Levels and vault maps discovered:
D:4:      lemuel_castle_with_subvaults [lemuel_castle_interior_original],
          layout_gridville, tgw_sif, lemuel_round_altar,
          mainiacjoe_overflow_cross_hatched, minmay_pentomino_pile, uniq_pikel
D:5:      minmay_thinvault, layout_loops_corners, overflow_temple_1_default,
          chequers_temple_overflow_minitemple, minmay_temple_entry_water_ring,
          serial_rivers, chequers_serial_rivers_room_b,
          chequers_serial_rivers_large_a, chequers_serial_rivers_small_b,
          chequers_serial_rivers_room_b

Skill      XL: |  1  2  3  4 |
---------------+-------------+-----
Stealth        | |  9.7
Long Blades    | 1 |  1.5
Axes           | 1 |  1.5
Maces & Flails | 1 |  1.5
Polearms       | 1 |  1.5
Staves         | 1 |  1.5
Slings         | 1 |  1.5
Bows           | 1 |  1.5
Crossbows      | 1 |  1.5
Throwing       | 1 |  1.5
Armour         | 1 |  1.5
Shields        | 1 |  1.5
Unarmed Combat | 1 |  1.5
Spellcasting   | 1 |  1.5
Invocations    | 1 |  1.7
Evocations     | 1 |  1.5
Conjurations   | 1 |  1.2
Hexes          | 1 |  1.2
Summonings     | 1 |  1.2
Necromancy     | 1 |  1.2
Translocations | 1 |  1.2
Transmutations | 1 |  1.2
Fire Magic     | 1 |  1.2
Ice Magic      | 1 |  1.2
Air Magic      | 1 |  1.2
Earth Magic    | 1 |  1.2
Poison Magic   | 1 |  1.2
Fighting       | |  6.7
Short Blades   | |  4.8
Dodging        | |  4.8

Action                   |  1- 3 |  4- 6 || total
-------------------------+-------+-------++-------
Melee: Short sword       |     2 |    19 ||    21
       Bite              |       |     6 ||     6
       Punch             |       |     1 ||     1
 Stab: Sleeping          |     2 |     3 ||     5
       Distracted        |       |     1 ||     1
Armor: Leather armour    |       |     4 ||     4
Dodge: Dodged            |       |     7 ||     7

Table legend: (Time is in decaauts)
 A = Elapsed time spent in this place.
 B = Non-inter-level travel time spent in this place.
 C = Inter-level travel time spent in this place.
 D = Time resting spent in this place.
 E = Time spent auto-exploring this place.
 F = Levels seen in this place.
 G = Mean time per level.
                   A        B        C        D        E       F      G
               +--------+--------+--------+--------+--------+-----+--------+
         Total |    386 |    352 |     34 |      0 |    232 |   2 |  193.0 |
       Dungeon |    386 |    352 |     34 |      0 |    232 |   2 |  193.0 |
               +--------+--------+--------+--------+--------+-----+--------+

Top non-repeatable levels by time:
     D:5: 360 daAuts
     D:4: 25 daAuts
